 Dungeon Crawl Stone Soup version 0.31-a0-198-g2ad674f65e (webtiles) character file.

Game seed: 4186510044177076859

23 qw the Shooter (level 2, -2/16 HPs)
             Began as a Deep Elf Hunter on June 25, 2023.
             Slain by a gnoll
             ... wielding a +0 spear
              (5 damage)
             ... on level 2 of the Dungeon.
             The game lasted 00:00:14 (510 turns).

qw the Shooter (Deep Elf Hunter)                     Turns: 510, Time: 00:00:15

Health: -2/16      AC:  4    Str:  8    XL:     2   Next: 75%
Magic:  4/4        EV: 12    Int: 13    God:
Gold:   43         SH:  0    Dex: 18    Spells: 1/1 levels left

rFire   . . .        Y - +0 shortbow
rCold   . . .        (shield currently unavailable)
rNeg    . . .        c - +0 leather armour
rPois   .            (no helmet)
rElec   .            (no cloak)
rCorr   .            f - +0 pair of gloves
SInv    .            (no boots)
Will    .....        (no amulet)
Stlth   ++           (no ring)
HPRegen 0.22/turn    (no ring)
MPRegen 0.09/turn

%: no passive effects
@: weak-willed
A: no striking features
a: no special abilities


You were on level 2 of the Dungeon.
You visited 1 branch of the dungeon, and saw 2 of its levels.

You collected 43 gold pieces.


   Skills:
 - Level 1.5 Fighting
 + Level 6.5 Ranged Weapons
 - Level 2.4 Dodging
 - Level 1.2 Stealth


You had one spell level left.
You didn't know any spells.
Your spell library was empty.

Inventory:

Hand Weapons
 Y - a +0 shortbow (weapon)
Armour
 c - a +0 leather armour (worn)
 f - a +0 pair of gloves (worn)
Scrolls
 a - 2 scrolls of vulnerability
Potions
 d - a potion of haste {unknown}
 e - a potion of brilliance {unknown}
 h - a potion of curing {unknown}
 i - a potion of invisibility {unknown}
 j - a potion of degeneration {unknown}

Dungeon Overview and Level Annotations

Branches:
Dungeon (2/15)

Altars:

Annotations:
D:2 exclusion: gnoll


Message History

494 ||| Stepping ~*~*~tactically~*~*~ (outnumbered).
The gnoll hits you but does no damage.
496 ||| Stepping ~*~*~tactically~*~*~ (outnumbered).
You shoot an arrow. The arrow closely misses the gnoll.
The gnoll completely misses you.
You shoot an arrow. The arrow hits the gnoll.
The gnoll is lightly wounded.
The gnoll misses you.
You shoot an arrow. The arrow barely misses the gnoll.
The gnoll hits you from afar with a +0 spear!
Ouch! That really hurt!
500 ||| READING 3 scrolls labelled FEUZEC YNUE.
As you read the scroll labelled FEUZEC YNUE, it crumbles to dust.
Magic quickly surges around you.
It was a scroll of vulnerability.
The gnoll barely misses you.
505 ||| FLEEEEING.
A gnoll comes into view. It is wielding a +0 spear.
The gnoll shouts!
You hear an angry hiss.
506 ||| FLEEEEING.
An adder comes into view.
You shoot an arrow. The arrow barely misses the gnoll. x2
The arrow completely misses the gnoll.
The gnoll hits you but does no damage.
You shoot an arrow. The frilled lizard hisses angrily.
The arrow hits the adder.
The adder is moderately wounded.
The adder bites you but does no damage.
A hobgoblin comes into view.
The gnoll hits you with a +0 whip!
Ouch! That really hurt!
The adder bites you but does no damage.
You shoot an arrow. The arrow closely misses the adder.
The hobgoblin shouts!
The adder bites you but does no damage. The gnoll closely misses you. x3
You shoot an arrow. The arrow hits the adder.
The adder is heavily wounded.
The adder bites you but does no damage.
The gnoll hits you from afar with a +0 spear.
You die...

##... #.... .....
..... ## gg ..####
..### #. l..# #...#..
######.#####g###.....
..........##...S.#
######......gg@..#
###....g....#####..
#####.....g........
##.............
#....##.#.##.....
#.#####.#..#..... #.
#.......... #
##.........
#.........


You could see 4 gnolls, an adder, a hobgoblin and a frilled lizard.

Vanquished Creatures
  A dart slug (D:1)
  3 ball pythons (D:1)
  3 endoplasms
  A giant cockroach (D:1)
  3 goblins (D:1)
  4 kobolds (D:1)
  4 bats
  2 rats (D:1)
21 creatures vanquished.

Notes
Turn   | Place    | Note
-------+----------+-------------------------------------------
     0 | D:1      | qw the Deep Elf Hunter began the quest for the Orb.
     0 | D:1      | Reached XP level 1. HP: 12/12 MP: 3/3
     0 | D:1      | 0 ||| qw: Version: 0.3-a-22-g0ed2b0b
     0 | D:1      | 0 ||| qw: Game counter: 5290
     0 | D:1      | 0 ||| qw: Melee chars always use a shield: true
     0 | D:1      | 0 ||| qw: God list: Okawaru
     0 | D:1      | 0 ||| qw: Allow faded altars: false
     0 | D:1      | 0 ||| qw: Do Orc after clearing Dungeon:15 true
     0 | D:1      | 0 ||| qw: Do second Lair branch before Depths: true
     0 | D:1      | 0 ||| qw: Lair rune preference: random
     0 | D:1      | 0 ||| qw: Goals: Normal
     0 | D:1      | 0 ||| PLANNING D:1-11
   174 | D:1      | Reached XP level 2. HP: 16/16 MP: 4/4
   182 | D:1      | Reached skill level 6 in Ranged Weapons
   429 | D:1      | 429 ||| UPGRADING to +0 pair of gloves.
   434 | D:1      | 434 ||| READING scroll labelled AWAONN IXZAENG.
   435 | D:1      | 435 ||| DROPPING scroll of butterflies.
   492 | D:2      | 492 ||| Stepping ~*~*~tactically~*~*~ (outnumbered).
   494 | D:2      | 494 ||| Stepping ~*~*~tactically~*~*~ (outnumbered).
   496 | D:2      | 496 ||| Stepping ~*~*~tactically~*~*~ (outnumbered).
   500 | D:2      | 500 ||| READING 3 scrolls labelled FEUZEC YNUE.
   505 | D:2      | 505 ||| FLEEEEING.
   506 | D:2      | 506 ||| FLEEEEING.
   508 | D:2      | HP: 2/16 [gnoll/+0 whip (8)]
   510 | D:2      | Slain by a gnoll

Levels and vault maps discovered:
D:1:      mushboom_english_gardens, layout_basic, minmay_misc_feat_hallway
D:2:      layout_rooms, basic_altar, hellmonk_ecumenical_altar_heavens_door,
          grunt_decor_arrowhead

Skill      XL: |  1  2 |
---------------+-------+-----
Ranged Weapons | 6 |  6.5
Fighting       | |  1.5
Dodging        | |  2.4
Stealth        | |  1.2

Action                     || total
---------------------------++-------
   Fire: Shortbow          ||    48
    Use: Scroll            ||     2
 Armour: Leather armour    ||    10
  Dodge: Dodged            ||    11

Table legend:
 A = Non-vault XP
 B = Vault XP
 C = Vault XP percentage of total XP
 D = Non-vault monster count
 E = Vault monster count
 F = Vault count percentage of total count
                 A         B        C        D         E       F
            +---------+---------+-------+---------+---------+-------
      Total |      34 |       0 |   0.0 |      21 |       0 |   0.0
            +---------+---------+-------+---------+---------+-------
        D:1 |      30 |       0 |   0.0 |      19 |       0 |   0.0
        D:2 |       4 |       0 |   0.0 |       2 |       0 |   0.0
            +---------+---------+-------+---------+---------+-------
